 Dungeon Crawl Stone Soup version 0.29.1-1-gd02db6906a (webtiles) character file.

Game seed: 9001764415119216055

32 Kniotic the Insei (level 3, 0/29 HPs)
             Began as a Demonspawn Monk on Oct 4, 2022.
             Slain by Terence
             ... wielding a +0 hand axe
              (3 damage)
             ... on level 2 of the Dungeon.
             The game lasted 00:01:37 (1688 turns).

Kniotic the Insei (Demonspawn Monk)                 Turns: 1688, Time: 00:01:38

Health: 0/29       AC:  2    Str: 11    XL:     3   Next: 10%
Magic:  3/3        EV: 28    Int: 11    God:
Gold:   48         SH:  0    Dex: 17    Spells: 2/2 levels left

rFire   . . .      SeeInvis .     - Unarmed
rCold   . . .      Faith    .   (no shield)
rNeg    . . .      Spirit   .   a - +0 robe
rPois   .          Reflect  .   (no helmet)
rElec   .          Harm     .   (no cloak)
rCorr   .          Rampage  .   (no gloves)
Will    .....                   (no boots)
Stlth   ++........              e - amulet of the acrobat
HPRegen 0.09/turn               (no ring)
MPRegen 0.08/turn               (no ring)

@: acrobatic
A: powered by pain 1, weakness stinger 1
a: no special abilities


You were on level 2 of the Dungeon.
You visited 1 branch of the dungeon, and saw 2 of its levels.

You collected 48 gold pieces.

Inventory:

Armour
 a - a +0 robe (worn)
Jewellery
 e - an amulet of the acrobat (around neck)
Scrolls
 c - a scroll of teleportation {unknown}
 d - a scroll of butterflies {unknown}
Potions
 b - a potion of ambrosia
 f - a potion of resistance {unknown}


   Skills:
 - Level 3.0 Fighting
 - Level 2.6 Dodging
 - Level 1.7 Stealth
 + Level 3.9 Unarmed Combat


You had 2 spell levels left.
You didn't know any spells.
Your spell library contained the following spells:

 Spells                   Type           Power      Damage    Failure   Level
 Frozen Ramparts          Ice            0%         1d1       71%         3
 Gell's Gravitas          Tloc           0%         N/A       71%         3
 Lesser Beckoning         Tloc           0%         N/A       71%         3
 Teleport Other           Tloc           0%         N/A       71%         3
 Ice Form                 Ice/Tmut       0%         N/A       98%         4
 Summon Ice Beast         Ice/Summ       0%         N/A       98%         4


Dungeon Overview and Level Annotations

Branches:
Dungeon (2/15)

Altars:

Annotations:
D:2 Terence


Innate Abilities, Weirdness & Mutations

You sometimes gain a little power by taking damage.
You have a small tail.


Message History

Terence barely misses you.
You completely miss Terence.
You tail-slap Terence, but do no damage.
Terence is heavily wounded.
Terence barely misses you.
You hit Terence.
You tail-slap Terence, but do no damage.
Terence is heavily wounded.
Terence closely misses you.
You barely miss Terence. You punch Terence.
Terence is severely wounded.
Terence hits you with a +0 hand axe.
You closely miss Terence.
Terence is severely wounded.
Terence barely misses you.
You closely miss Terence. You punch Terence, but do no damage.
Terence is severely wounded.
You hit Terence but do no damage.
You tail-slap Terence, but do no damage.
Terence is severely wounded.
Terence hits you with a +0 hand axe.
* * * LOW HITPOINT WARNING * * *
You barely miss Terence.
You tail-slap Terence, but do no damage.
Terence is severely wounded.
Terence closely misses you.
You closely miss Terence. You tail-slap Terence.
Terence is severely wounded.
Terence hits you with a +0 hand axe.
* * * LOW HITPOINT WARNING * * *
Terence completely misses you.
Terence bares his teeth.
Terence attacks as you move away! Terence completely misses you.
Terence attacks as you move away! Terence completely misses you.
There is a stone staircase leading up here.
Terence attacks as you move away! Terence closely misses you.
Terence attacks as you move away! Terence barely misses you.
Terence says, "Don't bother to defend, it's senseless."
Terence attacks as you move away! Terence hits you with a +0 hand axe.
You die...

#. .# #.# #######.#
###..##.......#
#.[......<.#####
###............
##..######### ##..##
#....## #..##.@######
#..####.@<..(######
...##..............##
..###..#######...##..#
.. ..[ ###.###.# . .
#.###.###
#...#.......###
#.........!@.
######.##....


You could see Terence.

Vanquished Creatures
  An adder (D:2)
  An endoplasm (D:2)
  3 goblins (D:1)
  3 hobgoblins
  5 kobolds (D:1)
  2 quokkas (D:1)
  2 ball pythons (D:1)
  A bat (D:1)
  2 frilled lizards (D:1)
  2 rats (D:1)
22 creatures vanquished.

Notes
Turn   | Place    | Note
-------+----------+-------------------------------------------
     0 | D:1      | Kniotic the Demonspawn Monk began the quest for the Orb.
     0 | D:1      | Reached XP level 1. HP: 18/18 MP: 1/1
   707 | D:1      | Gained mutation: You have a small tail. [demonic ancestry]
   707 | D:1      | Reached XP level 2. HP: 21/24 MP: 2/2
  1644 | D:2      | Noticed Terence
  1657 | D:2      | Gained mutation: You sometimes gain a little power by
                  | taking damage. [demonic ancestry]
  1657 | D:2      | Reached XP level 3. HP: 27/29 MP: 3/3
  1688 | D:2      | Slain by Terence

Illustrated notes

Levels and vault maps discovered:
D:1:      denvon_arrival_hothouse, layout_basic, minmay_hexomino_f4
D:2:      layout_rooms, uniq_robin, uniq_terence

Skill      XL: |  1 |
---------------+----+-----
Unarmed Combat | 3 |  3.9
Fighting       | |  3.0
Dodging        | |  2.6
Stealth        | |  1.7

Action                   || total
-------------------------++-------
Melee: Unarmed           ||   106
       Tailslap          ||    13
       Punch             ||     3
 Stab: Sleeping          ||     4
Armor: Robe              ||    18
Dodge: Dodged            ||    68
